 Dungeon Crawl Stone Soup version 0.21-a0-270-g8204059 (webtiles) character file.

29822 Lavandula the Carver (level 13, 0/113 HPs)
             Began as a Ghoul Warper on Sept 14, 2017.
             Was the Champion of Cheibriados.
             Slain by an ogre
             ... wielding a +0 giant spiked club
              (11 damage)
             ... while paralysed by an ogre mage
             ... on level 2 of the Orcish Mines.
             The game lasted 01:35:57 (11179 turns).

Lavandula the Carver (Ghoul Warper)                Turns: 11179, Time: 01:35:58

Health: 0/113      AC: 10    Str: 41    XL:     13   Next: 47%
Magic:  17/20      EV:  2    Int: 25    God:    Cheibriados [******]
Gold:   1189       SH:  0    Dex: 22    Spells: 1/23 levels left

rFire    . . .     SeeInvis +   R - +1 scimitar
rCold    . . .     Gourm    .   w - +0 buckler
rNeg     + + +     Faith    .   t - +2 leather armour of Zuyzi {Dex+3}
rPois    ∞         Spirit   .   (no helmet)
rElec    +         Reflect  .   J - +1 cloak
rCorr    .         Harm     .   e - +2 pair of gloves
MR       .....                  (no boots)
Stlth    +++.......             (no amulet)
HPRegen  0.00/turn              o - ring of Moderation {rElec rC- Str+8 Dex-4 Stlth+}
MPRegen  0.17/turn              y - ring of see invisible

@: paralysed, very slightly contaminated, rotting, very slow
A: rotting body, claws 1, carnivore 3, cold resistance 1, negative energy
resistance 3, inhibited regeneration, torment resistance, unbreathing
a: Bend Time, Temporal Distortion, Slouch, Step From Time, Renounce Religion


You were on level 2 of the Orcish Mines.
You worshipped Cheibriados.
Cheibriados was exalted by your worship.
You were not hungry.

You visited 2 branches of the dungeon, and saw 16 of its levels.
You also visited: Labyrinth.

You collected 1381 gold pieces.
You spent 192 gold pieces at shops.

Inventory:

Hand Weapons
 Q - a +5 great sword
 R - a +1 scimitar (weapon)
Missiles
 D - 3 steel tomahawks (quivered)
 X - 7 tomahawks of returning
 Z - 10 tomahawks
Armour
 e - a +2 pair of gloves (worn)
 h - a +0 plate armour of fire resistance
 t - the +2 leather armour of Zuyzi (worn) {Dex+3}
   (You found it on level 4 of the Dungeon)

   It affects your dexterity (+3).
 w - a +0 buckler (worn)
 C - a +3 leather armour
 J - a +1 cloak (worn)
 Y - a +0 leather armour of magic resistance
Jewellery
 i - an uncursed ring of fire
 o - the ring of Moderation (left hand) {rElec rC- Str+8 Dex-4 Stlth+}
   (You found it on level 10 of the Dungeon)

   [ring of stealth]

   It affects your strength (+8).
   It affects your dexterity (-4).
   It makes you vulnerable to cold.
   It insulates you from electricity.
   It makes you more stealthy.
 v - a +2 ring of intelligence
 y - a ring of see invisible (right hand)
 A - a +2 ring of dexterity
 G - an uncursed ring of fire
 H - an uncursed ring of protection from cold
Wands
 s - a wand of lightning (4/15)
 L - a wand of flame (10/48)
 O - a wand of scattershot (0/9)
 T - a wand of clouds (0/9)
 V - a wand of disintegration (3/24)
Scrolls
 c - 2 scrolls of blinking
 n - a scroll of recharging
 r - a scroll of torment {unknown}
 u - 7 scrolls of teleportation
 x - 2 scrolls of vulnerability {unknown}
 E - a scroll of remove curse
 F - a scroll of silence
 K - 2 scrolls of enchant weapon
 N - 2 scrolls of fog {unknown}
Potions
 d - a potion of magic {unknown}
 g - 3 potions of brilliance
 j - 6 potions of curing
 m - 3 potions of flight {unknown}
 q - 3 potions of heal wounds
 z - 2 potions of might
 B - 3 potions of agility {unknown}
 P - 2 potions of ambrosia {unknown}
Books
 b - a book of Spatial Translocations

   Spells                             Type                      Level
   a - Blink                          Translocation                2
   b - Shroud of Golubria             Charms/Translocation         2
   c - Lesser Beckoning               Translocation                3
   d - Gell's Gravitas                Translocation                3
   e - Teleport Other                 Translocation                3
   f - Passage of Golubria            Translocation                4
 p - a book of Debilitation

   Spells                             Type                      Level
   a - Corona                         Hexes                        1
   b - Slow                           Hexes                        2
   c - Inner Flame                    Hexes/Fire                   3
   d - Portal Projectile              Hexes/Translocation          3
   e - Cause Fear                     Hexes                        4
   f - Leda's Liquefaction            Hexes/Earth                  4
 U - a book of Battle

   Spells                             Type                      Level
   a - Infusion                       Charms                       1
   b - Shroud of Golubria             Charms/Translocation         2
   c - Song of Slaying                Charms                       2
   d - Spectral Weapon                Hexes/Charms                 3
   e - Regeneration                   Charms/Necromancy            3
 W - a book of Necromancy

   Spells                             Type                      Level
   a - Pain                           Necromancy                   1
   b - Animate Skeleton               Necromancy                   1
   c - Vampiric Draining              Necromancy                   3
   d - Regeneration                   Charms/Necromancy            3
   e - Animate Dead                   Necromancy                   4
   f - Control Undead                 Necromancy                   4
Miscellaneous
 M - a lightning rod (inert)
Comestibles
 f - 11 meat rations
 I - 6 royal jellies


   Skills:
 - Level 9.9 Fighting
 + Level 12.6 Long Blades
 - Level 0.8 Throwing
 - Level 0.8 Armour
 - Level 5.8 Dodging
 - Level 5.1 Shields
 - Level 9.0 Unarmed Combat
 - Level 5.6 Spellcasting
 - Level 3.4 Necromancy
 - Level 6.0 Translocations
 - Level 4.8 Invocations


You had one spell level left.
You knew the following spells:

 Your Spells              Type           Power        Failure   Level  Hunger
a - Blink                 Tloc           N/A          1%          2    None
b - Shroud of Golubria    Chrm/Tloc      ###.......   3%          2    None
c - Teleport Other        Tloc           #####...     1%          3    #......
d - Lesser Beckoning      Tloc           #####.....   1%          3    #......
e - Passage of Golubria   Tloc           N/A          7%          4    ###....
f - Regeneration          Chrm/Necr      ###.......   12%         3    #......
g - Animate Skeleton      Necr           N/A          1%          1    None
h - Apportation           Tloc           #####.       1%          1    None
i - Spectral Weapon       Hex/Chrm       #.......     26%         3    #......


Dungeon Overview and Level Annotations

Branches:
Dungeon (14/15)            Temple (0/1) D:6            Lair (0/6) D:8
    Orc (2/2) D:11            Elf (0/3) Orc:2
 Vaults: D:13-14

Altars:
Cheibriados
Dithmenos
Fedhas
Kikubaaqudgha
Nemelex Xobeh
Qazlal
Sif Muna
Trog
Xom
Yredelemnul
Zin

Shops:
D:4 ?   D:10 (   Orc:2 [

Annotations:
D:4 WhatIsLove's ghost, amateur DrTm
D:10 exclusion: two-headed ogre


Innate Abilities, Weirdness & Mutations

Your body is rotting away.
You thrive on raw meat.
You are immune to poison.
You have sharp fingernails.
You are carnivorous and can eat meat at any time.
Your flesh is cold resistant. (rC+)
You are immune to negative energy. (rN+++)
You do not regenerate when monsters are visible.
You are immune to unholy pain and torment.
You can survive without breathing.


Message History

Casting: Shroud of Golubria
Confirm with . or Enter, or press ? or * to list all spells.
Space distorts slightly along a thin shroud covering your body.
You climb downwards.
You block the two-headed ogre's attack.
The two-headed ogre barely misses you. x2
The two-headed ogre hits you with a great mace!
Your shroud falls apart!
The ogre barely misses you.
The ogre mage gestures at you while chanting.
You suddenly lose the ability to move!
The two-headed ogre hits you with a giant spiked club!!
The two-headed ogre hits you with a giant club!!
The two-headed ogre hits you with a giant club.
The two-headed ogre hits you with a great mace!!
* * * LOW HITPOINT WARNING * * *
The ogre hits you with a giant club!
* * * LOW HITPOINT WARNING * * *
The ogre mage hits you but does no damage.
The ogre hits you with a giant spiked club!
You die...

#..............#.O).[........
##....#....).....[[<#[........
#......##..........#..........
#....#.#......[[.).........#.
##...........[..[......#.#.##
#...............[.......##..#
#...........).).......## ..
##.#.........OO[........##..
#...........O@O..)[.........
##.#........)[O..[...#......
###........(...............
##.........(..............
#....#.#(................
#......##.............##.#
##....##....#.......[.## #
##.####............[..# ##
##..##.#.#.##..##


You could see 2 two-headed ogres, an ogre mage and 2 ogres.

Vanquished Creatures
  An orc warlord (Orc:2)
  A minotaur (Lab)
  2 centaur warriors (D:13)
  2 ogre magi (Orc:2)
  6 two-headed ogres
  2 orc knights
  3 cyclopes
  An ugly thing (D:13)
  3 orc sorcerers
  The ghost of cirnu the Chopper, a novice VSFi of Gozag (D:6)
  3 centaur skeletons
  A komodo dragon (D:8)
  Grinder (D:5)
  A tengu conjurer (D:13)
  2 trolls
  A hornet (D:9)
  3 hippogriffs
  A wraith (D:13)
  2 shadows (Lab)
  A vampire (D:11)
  17 yaks
  A neqoxec (D:13)
  A steam dragon (D:8)
  5 vampire mosquitoes
  2 wargs
  A water moccasin (D:7)
  24 orc warriors
  5 sky beasts
  2 black bears
  5 ice beasts
  2 phantoms
  21 ogres
  12 centaurs
  2 crocodiles (D:11)
  A big kobold (D:13)
  An earth elemental (Lab)
  8 bullfrogs
  A wyvern skeleton (D:11)
  6 scorpions
  7 killer bees
  4 wights (D:10)
  5 howler monkeys
  9 crimson imps
  3 bullfrog zombies
  A jelly (D:11)
  2 hounds
  A bullfrog skeleton (D:4)
  A centaur zombie (D:9)
  17 orc priests
  22 orc wizards
  8 worker ants
  A worker ant zombie (D:10)
  8 adders
  3 shadow imps
  An ufetubus (D:13)
  2 adder skeletons
  2 worms (D:2)
  2 dart slugs
  6 leopard geckos
  63 orcs
  7 giant cockroaches
  3 goblins (D:2)
  7 hobgoblins
  10 jackals
  5 kobolds
  2 quokkas
  2 ball pythons
  2 bats
  2 leopard gecko skeletons
  5 rats
368 creatures vanquished.

Vanquished Creatures (collateral kills)
  2 two-headed ogres
  A yak (D:12)
  An orc priest (Orc:2)
  2 orc wizards
  5 orcs
11 creatures vanquished.

Vanquished Creatures (others)
  3 plants (D:8)
  2 spectral weapons (Orc:2)
5 creatures vanquished.

Grand Total: 384 creatures vanquished

Notes
Turn   | Place    | Note
-------+----------+-------------------------------------------
     0 | D:1      | Lavandula the Ghoul Warper began the quest for the Orb.
     0 | D:1      | Reached XP level 1. HP: 17/17 MP: 2/2
   102 | D:1      | Reached XP level 2. HP: 15/24 MP: 3/3
   188 | D:2      | Learned a level 2 spell: Blink
   191 | D:2      | Learned a level 2 spell: Shroud of Golubria
   244 | D:2      | Reached XP level 3. HP: 28/29 MP: 1/4
   360 | D:4      | Noticed WhatIsLove's ghost (amateur DrTm)
   543 | D:3      | Reached XP level 4. HP: 36/36 MP: 5/5
   573 | D:5      | Entered Level 5 of the Dungeon
   573 | D:5      | Noticed Grinder
   573 | D:5      | Noticed an ogre
   573 | D:5      | Noticed a centaur
   602 | D:4      | Got a smoking leather armour
   613 | D:4      | Identified the +2 leather armour of Zuyzi {Dex+3} (You found it on level 4 of the Dungeon)
   686 | D:4      | Reached skill level 5 in Unarmed Combat
   759 | D:4      | Found Piegaip's Magic Scroll Shop.
   762 | D:4      | Bought a scroll of teleportation for 33 gold pieces
   762 | D:4      | Bought a scroll of random uselessness for 11 gold pieces
   762 | D:4      | Bought 2 scrolls of identify for 44 gold pieces
   814 | D:4      | Found a basalt altar of Yredelemnul.
   835 | D:5      | Noticed a sky beast
   844 | D:5      | Reached XP level 5. HP: 28/40 MP: 3/6
   868 | D:5      | Noticed an ogre
  1648 | D:4      | Found a snail-covered altar of Cheibriados.
  1674 | D:4      | Became a worshipper of Cheibriados the Contemplative
  1772 | D:4      | Bought a scroll of blinking for 82 gold pieces
  1772 | D:4      | Bought a scroll of identify for 22 gold pieces
  1826 | D:4      | Reached XP level 6. HP: 45/48 MP: 7/7
  1831 | D:4      | Learned a level 3 spell: Teleport Other
  1874 | D:5      | Noticed a sky beast
  1958 | D:4      | Killed a sky beast
  1988 | D:5      | Reached XP level 7. HP: 53/53 MP: 5/8
  2027 | D:5      | Killed Grinder
  2059 | D:5      | Reached skill level 5 in Fighting
  2083 | D:5      | Reached XP level 8. HP: 68/69 MP: 6/9
  2149 | D:5      | Reached * piety under Cheibriados
  2197 | D:6      | HP: 3/71 [ice beast (14)]
  2211 | D:6      | Learned a level 3 spell: Lesser Beckoning
  2485 | D:6      | Got a dazzling rapier
  2517 | D:6      | Reached skill level 1 in Shields
  2551 | D:6      | Found a staircase to the Ecumenical Temple.
  2772 | D:6      | Found an ancient bone altar of Kikubaaqudgha.
  2774 | D:6      | Found a blossoming altar of Fedhas.
  2905 | D:6      | Noticed cirnu's ghost (novice VSFi)
  2922 | D:6      | Killed cirnu's ghost
  2922 | D:6      | Reached skill level 5 in Shields
  2922 | D:6      | Reached XP level 9. HP: 54/78 MP: 2/10
  2969 | D:6      | Found a stormy altar of Qazlal.
  3160 | D:7      | Reached ** piety under Cheibriados
  3520 | D:7      | Found a sparkling altar of Nemelex Xobeh.
  3612 | D:8      | Noticed a two-headed ogre
  3844 | D:8      | Found a shimmering altar of Xom.
  3859 | D:8      | Reached XP level 10. HP: 73/93 MP: 10/13
  3865 | D:8      | Learned a level 4 spell: Passage of Golubria
  3980 | D:8      | Found a bloodstained altar of Trog.
  4121 | D:8      | Killed a two-headed ogre
  4121 | D:8      | Reached skill level 5 in Spellcasting
  4159 | D:8      | Found a staircase to the Lair.
  4180 | D:8      | Reached *** piety under Cheibriados
  4249 | D:8      | Noticed a two-headed ogre
  4483 | D:8      | Found a shadowy altar of Dithmenos.
  4486 | D:8      | Found a glowing silver altar of Zin.
  4488 | D:8      | Found a deep blue altar of Sif Muna.
  5235 | D:9      | Noticed a two-headed ogre
  5250 | D:9      | Killed a two-headed ogre
  5250 | D:9      | Reached skill level 5 in Translocations
  5429 | D:9      | Found a bloodstained altar of Trog.
  5839 | D:10     | Entered Level 10 of the Dungeon
  5855 | D:10     | Got a wavering ivory ring
  5857 | D:10     | Identified the ring of Moderation {rElec rC- Str+8 Dex-4 Stlth+} (You found it on level 10 of the Dungeon)
  5859 | D:10     | Found Zufyif's Antique Weapon Boutique.
  5881 | D:10     | Reached **** piety under Cheibriados
  5953 | D:10     | Reached XP level 11. HP: 98/98 MP: 14/17
  6010 | D:10     | Reached skill level 5 in Dodging
  6037 | D:10     | Noticed a two-headed ogre
  6260 | D:10     | Identified the cursed +1 rapier "Lavandula's Bane" {flame, Str+4} (You found it on level 6 of the Dungeon)
  6435 | D:10     | Learned a level 3 spell: Regeneration
  6568 | D:11     | Learned a level 1 spell: Animate Skeleton
  6603 | D:11     | Reached skill level 1 in Necromancy
  6823 | D:12     | Noticed a cyclops
  6847 | D:12     | Killed a cyclops
  6899 | D:12     | Reached skill level 1 in Long Blades
  6911 | D:12     | Reached skill level 2 in Long Blades
  6923 | D:12     | Reached ***** piety under Cheibriados
  7085 | D:11     | Reached skill level 3 in Long Blades
  7167 | D:11     | Found a staircase to the Orcish Mines.
  7270 | D:11     | Noticed a two-headed ogre
  7279 | D:11     | Killed a two-headed ogre
  7279 | D:11     | Reached skill level 4 in Long Blades
  7522 | D:12     | Reached skill level 5 in Long Blades
  7813 | D:13     | Noticed a green ugly thing
  7828 | D:13     | Killed a green ugly thing
  7842 | D:12     | Reached skill level 6 in Long Blades
  7894 | D:13     | Found a labyrinth entrance.
  7897 | D:13     | Noticed a centaur warrior
  7907 | D:13     | Killed a centaur warrior
  7916 | D:13     | Reached skill level 7 in Long Blades
  7930 | D:13     | Reached XP level 12. HP: 32/106 MP: 15/18
  7947 | Lab      | Entered a labyrinth
  8556 | Lab      | Noticed a minotaur
  8567 | Lab      | Killed a minotaur
  8567 | Lab      | Reached skill level 8 in Long Blades
  8576 | Lab      | Identified the Guide on Hurtful Protection
  8580 | Lab      | Learned a level 1 spell: Apportation
  8601 | D:14     | Noticed a tengu warrior
  8888 | D:13     | Reached skill level 9 in Long Blades
  8944 | D:13     | Noticed a centaur warrior
  8970 | D:13     | Killed a centaur warrior
  9043 | D:13     | Reached skill level 10 in Long Blades
  9128 | D:13     | Reached ****** piety under Cheibriados
  9469 | Orc:1    | Entered Level 1 of the Orcish Mines
  9553 | D:11     | Learned a level 3 spell: Spectral Weapon
  9803 | Orc:2    | Entered Level 2 of the Orcish Mines
  9866 | Orc:2    | Noticed a two-headed ogre
  9874 | Orc:1    | Reached skill level 1 in Invocations
  9901 | Orc:1    | Killed a two-headed ogre
  9977 | Orc:2    | Noticed a sun demon
 10083 | Orc:1    | Reached XP level 13. HP: 109/113 MP: 18/20
 10155 | Orc:2    | Noticed an orc warlord
 10161 | Orc:2    | Reached skill level 11 in Long Blades
 10398 | Orc:2    | Killed an orc warlord
 10624 | Orc:2    | Found Doestruab's Armour Boutique.
 10661 | Orc:2    | Found a staircase to the Elven Halls.
 10705 | Orc:2    | Reached skill level 12 in Long Blades
 11037 | Orc:2    | Noticed an ogre mage
 11052 | Orc:2    | Paralysed by an ogre mage for 3 turns
 11177 | Orc:2    | Paralysed by an ogre mage for 3 turns
 11179 | Orc:2    | Slain by an ogre

Vault maps used:
D:1:      mrwooster_arrival_statue_2
D:2:      first_bread, uniq_crazy_yiuf_cottage
D:3:      minivault_24
D:4:      kennysheep_slug_shrine, serial_shops, nicolae_shop_trees,
          grunt_ministairs_1, hex_medium, serial_bayou_pond_e,
          yredelemnul_altar_generic
D:5:      uniq_grinder
D:6:      grunt_temple_overflow_growth_and_decay,
          minmay_temple_entry_metal_lava, basic_altar
D:7:      lemuel_round_altar
D:8:      lemuel_doored_altar, old_standard_altar, minitemple,
          david_lair_shrubbed
D:9:      basic_altar
D:10:     serial_shops, shop, nooodl_food_tri
D:11:     david_orc_3
D:13:     kennysheep_demon_hangout, lab_entry_generic
D:14:     david_vaults_4, serial_shops, shop, uniq_kirke
Orc:2:    st_orc_ogre_mass, serial_shops,
          nicolae_shop_competitors_out_of_business
Lab:      nicolae_lab_grate_2, nicolae_lab_swirl

Skill      XL: |  1  2  3  4  5  6  7  8  9 10 11 12 13 |
---------------+----------------------------------------+-----
Unarmed Combat | 3 4 5 6 8 9 |  9.0
Fighting       | 6 9 |  9.9
Dodging        | 3 4 5 |  5.8
Shields        | 5 |  5.1
Spellcasting   | 3 5 |  5.6
Translocations | 6 |  6.0
Necromancy     | 3 |  3.4
Long Blades    | 7 10 12 | 12.6
Invocations    | 4 |  4.8
Throwing       | |  0.8
Armour         | |  0.8

Action                   |  1- 3 |  4- 6 |  7- 9 | 10-12 | 13-15 || total
-------------------------+-------+-------+-------+-------+-------++-------
Melee: Unarmed           |   107 |   146 |   333 |   673 |       ||  1259
       Punch             |     1 |     2 |     1 |       |       ||     4
       Scimitar          |       |       |       |   134 |    93 ||   227
       Great sword       |       |       |       |       |    23 ||    23
Throw: Tomahawk          |       |       |     1 |    40 |     3 ||    44
 Cast: Shroud of Golubri |     3 |     6 |    24 |    70 |    13 ||   116
       Teleport Other    |       |     1 |       |       |     8 ||     9
       Blink             |       |       |    12 |    39 |     7 ||    58
       Passage of Golubr |       |       |       |    13 |     4 ||    17
       Lesser Beckoning  |       |       |       |     4 |     3 ||     7
       Animate Skeleton  |       |       |       |    24 |     9 ||    33
       Regeneration      |       |       |       |     9 |    13 ||    22
       Spectral Weapon   |       |       |       |     1 |     8 ||     9
Invok: Bend Time         |       |       |     3 |       |       ||     3
       Slouch            |       |       |       |     1 |       ||     1
Evoke: Wand              |       |       |       |     8 |     1 ||     9
       Lightning rod     |       |       |       |     4 |     4 ||     8
  Use: Scroll            |       |     9 |     7 |    12 |     5 ||    33
       Potion            |       |       |     6 |     2 |     3 ||    11
 Stab: Sleeping          |       |     1 |       |     5 |       ||     6
       Invisible         |       |       |     4 |       |     4 ||     8
       Distracted        |       |       |       |       |     1 ||     1
  Eat: Chunk             |    15 |    23 |    35 |   138 |    25 ||   236
Armor: Leather armour    |    19 |    36 |    84 |   125 |    20 ||   284
Dodge: Dodged            |    55 |    81 |   213 |   476 |   116 ||   941
Block: Buckler           |       |       |    66 |   212 |    29 ||   307
       Rpst.: Scimitar   |       |       |       |    28 |    10 ||    38
       Great sword       |       |       |       |       |     7 ||     7

Table legend:
 A = Spawn XP
 B = Non-spawn XP
 C = Spawn XP percentage of total XP
 D = Spawn monster count
 E = Non-spawn monster count
 F = Spawn count percentage of total count
 G = Total turns spent on level
                    A         B        C        D         E        F      G
               +---------+---------+-------+---------+---------+-------+---------
         Total |       0 |   42604 |   0.0 |       0 |     379 |   0.0 | 11179
               +---------+---------+-------+---------+---------+-------+---------
           D:1 |       0 |      16 |   0.0 |       0 |       9 |   0.0 |   163
           D:2 |       0 |      54 |   0.0 |       0 |      14 |   0.0 |   248
           D:3 |       0 |      92 |   0.0 |       0 |      17 |   0.0 |   669
           D:4 |       0 |     400 |   0.0 |       0 |      11 |   0.0 |   807
           D:5 |       0 |    1410 |   0.0 |       0 |      24 |   0.0 |   450
           D:6 |       0 |     655 |   0.0 |       0 |      10 |   0.0 |   670
           D:7 |       0 |    1570 |   0.0 |       0 |      26 |   0.0 |   976
           D:8 |       0 |    2680 |   0.0 |       0 |      37 |   0.0 |  1201
           D:9 |       0 |    2249 |   0.0 |       0 |      16 |   0.0 |   683
          D:10 |       0 |     964 |   0.0 |       0 |      21 |   0.0 |   646
          D:11 |       0 |    3206 |   0.0 |       0 |      31 |   0.0 |   873
          D:12 |       0 |    3926 |   0.0 |       0 |      27 |   0.0 |   721
          D:13 |       0 |    8376 |   0.0 |       0 |      43 |   0.0 |   753
          D:14 |       0 |      85 |   0.0 |       0 |       1 |   0.0 |   152
         Orc:1 |       0 |    5817 |   0.0 |       0 |      30 |   0.0 |  1012
         Orc:2 |       0 |    9427 |   0.0 |       0 |      57 |   0.0 |   505
           Lab |       0 |    1677 |   0.0 |       0 |       5 |   0.0 |   650
               +---------+---------+-------+---------+---------+-------+---------
